AoeStats
← Exile

African Clearing

506273357Analyzed
4v4 RM · 18d ago on Sep 13, 2026· 84m 23s· 8 players
Game mode
Random Map
Map size
Large (8 player)
Population
200
Speed
Normal
Resources
Standard
Victory
Conquest
Starting age
Dark Age
Ending age
Imperial Age
RankedLock teamsTeams togetherTeam positionsShared explorationLock speedFull tech treeHidden civsTurbo modeCheats
Victory
Defeat
🇺🇸 Mongols · United States
1045
+12
🇺🇸 Persians · United States
1035
+13
🇺🇸 Magyars · United States
1023
+13
🇺🇸 Malians · United States
1020
+13
🇨🇱 Bohemians · Chile
994
-13
🇺🇸 Franks · United States
962
-13
🇬🇧 Bulgarians · United Kingdom
956
-13
🇺🇸 Mongols · United States
927
-12
YourOldNanna
7:32 Loom
16:53 Feudal Age
21:12 Castle Age
25:20 Scale Mail Armor
28:29 Forging
31:34 Double-Bit Axe
35:27 Pikeman
36:09 Squires
38:59 Padded Archer Armor
39:01 Horse Collar
41:33 Fishing Lines
45:58 Wheelbarrow
49:38 Hand Cart
62:01 Gold Mining
62:15 Heavy Plow
76:04 Imperial Age
73:56 Chain Mail Armor
76:09 Halberdier
Bovine
13:21 Feudal Age
13:44 Man-at-Arms
20:24 Loom
23:57 Arson
33:15 Castle Age
44:05 Double-Bit Axe
53:19 Ballistics
55:21 Wheelbarrow
54:36 Horse Collar
55:35 Fletching
55:45 Padded Archer Armor
57:28 Thumb Ring
57:31 Town Watch
58:11 Husbandry
58:21 Bloodlines
59:10 Hand Cart
59:25 Forging
59:11 Bodkin Arrow
59:28 Forging
61:51 Iron Casting
63:16 Scale Barding Armor
65:52 Imperial Age
65:19 Leather Archer Armor
66:23 Elite Mangudai
67:33 Gold Mining
69:29 Bracer
71:04 Gold Shaft Mining
71:56 Blast Furnace
71:17 Chain Barding Armor
75:22 Conscription
75:05 Scale Mail Armor
76:23 Heavy Plow
76:36 Bow Saw
78:37 Capped Ram
80:14 Siege Ram
82:03 Drill
Chico_Migraña
15:04 Feudal Age
15:31 Loom
15:37 Double-Bit Axe
19:18 Wheelbarrow
21:08 Horse Collar
22:55 Fletching
28:17 Castle Age
28:26 Padded Archer Armor
29:12 Scale Barding Armor
29:04 Bodkin Arrow
29:38 Hand Cart
30:28 Town Watch
32:10 Bow Saw
31:51 Treadmill Crane
34:09 Heavy Plow
34:34 Chain Barding Armor
33:58 Light Cavalry
36:05 Chemistry
35:19 Forging
45:09 Imperial Age
42:16 Elite Skirmisher
42:54 Pikeman
46:56 Cavalier
49:25 Conscription
60:58 Elite Hussite Wagon
Wangdangdoodle
14:46 Feudal Age
18:22 Castle Age
16:14 Double-Bit Axe
17:52 Gold Mining
22:57 Town Watch
27:13 Scale Barding Armor
28:19 Husbandry
31:05 Wheelbarrow
31:54 Loom
35:43 Imperial Age
35:51 Hand Cart
36:27 Chain Barding Armor
36:17 Forging
37:29 Chemistry
36:16 Cavalier
37:24 Pikeman
40:36 Plate Barding Armor
46:19 Murder Holes
46:44 Ballistics
46:50 Siege Engineers
49:08 #83
53:53 Iron Casting
55:17 Blast Furnace
54:33 Halberdier
55:37 Elite Throwing Axeman
56:37 Conscription
56:19 Chivalry
57:47 Paladin
60:07 Scale Mail Armor
62:14 Chain Mail Armor
62:56 Fortified Wall
63:05 Fletching
66:26 Plate Mail Armor
67:57 Bow Saw
68:03 Elite Skirmisher
69:06 Bodkin Arrow
69:12 Padded Archer Armor
74:09 Leather Archer Armor
mmstoned
14:58 Loom
19:37 Feudal Age
32:29 Double-Bit Axe
38:15 Horse Collar
44:23 Castle Age
46:27 Fletching
48:45 Bow Saw
48:47 Heavy Plow
68:41 Gold Mining
69:33 Light Cavalry
70:26 Bloodlines
70:17 Husbandry
70:58 Caravan
73:25 Forging
73:21 Scale Barding Armor
75:52 Iron Casting
75:37 Chain Barding Armor
79:32 Imperial Age
77:39 Wheelbarrow
76:50 Town Watch
80:01 Kamandaran
Exile
13:19 Feudal Age
15:37 Bloodlines
16:43 Double-Bit Axe
16:41 Horse Collar
23:50 Castle Age
26:12 Wheelbarrow
27:04 Forging
27:40 Bow Saw
29:22 Hand Cart
30:04 Stone Mining
30:04 Gold Mining
31:55 Iron Casting
31:34 Husbandry
31:51 Heavy Plow
31:44 Gold Mining
32:48 Scale Barding Armor
34:08 Loom
40:34 Imperial Age
38:26 Chain Barding Armor
42:25 Gold Shaft Mining
41:21 Cavalier
44:02 Heavy Camel Rider
44:52 Scale Mail Armor
46:14 Block Printing
46:20 Sanctity
46:51 Plate Barding Armor
47:10 Light Cavalry
53:38 Farimba
53:39 Tigui
55:25 Redemption
59:21 Coinage
62:09 Elite Gbeto
71:37 Fervor
MasterChief6505
14:34 Feudal Age
14:12 Loom
15:06 Double-Bit Axe
16:59 Horse Collar
21:59 Wheelbarrow
23:54 Castle Age
23:17 Wheelbarrow
24:31 Elite Skirmisher
25:18 Thumb Ring
26:10 Town Watch
25:58 Pikeman
27:56 Bow Saw
29:35 Hand Cart
30:07 Fletching
30:18 Padded Archer Armor
35:22 Bodkin Arrow
36:06 Leather Archer Armor
40:14 Ballistics
45:07 Imperial Age
44:52 Scale Barding Armor
45:03 Corvinian Army
47:05 Parthian Tactics
48:24 Recurve Bow
48:45 Conscription
51:47 Hoardings
52:01 Chain Barding Armor
51:43 Bracer
52:13 Ring Archer Armor
57:26 Light Cavalry
58:42 Bloodlines
58:17 Hussar
59:42 Plate Barding Armor
59:19 Husbandry
60:32 Heavy Cavalry Archer
61:16 Capped Ram
68:35 Elite Skirmisher
82:08 Town Patrol
83:29 Chemistry
84:08 Murder Holes
SloughyCarp1342
6:56 Loom
13:28 Feudal Age
19:11 Castle Age
17:09 Double-Bit Axe
17:51 Horse Collar
21:02 Fletching
22:54 Pikeman
24:38 Squires
40:10 Scale Mail Armor
57:25 Wheelbarrow
59:48 Arson
62:45 Bodkin Arrow
64:42 Ballistics
65:06 Nomads
73:47 Caravan
77:07 Imperial Age
80:11 Elite Mangudai
82:28 Conscription
83:33 Bracer
85:16 Chemistry
84:22 Siege Engineers
Connection lost

Rejoining the realm…

Still unreachable

The connection could not be restored.

Session expired

The server has moved on; the page needs a fresh start.